 Dungeon Crawl Stone Soup version 0.30.1 (webtiles) character file.

Game seed: 1123137798515179468

108 safid the Chiller (level 4, -1/34 HPs)
             Began as a Merfolk Ice Elementalist on July 6, 2023.
             Slain by a gnoll
             ... wielding a +3 spear
              (9 damage)
             ... on level 3 of the Dungeon.
             The game lasted 00:03:44 (2131 turns).

safid the Chiller (Merfolk Ice Elementalist)        Turns: 2131, Time: 00:03:44

Health: -1/34      AC:  3    Str:  8    XL:     4   Next: 87%
Magic:  4/8        EV: 12    Int: 22    God:
Gold:   159        SH:  0    Dex: 14    Spells: 2/9 levels left

rFire   . . .        c - +0 hand axe
rCold   . . .        (no shield)
rNeg    . . .        a - +0 robe
rPois   .            (no helmet)
rElec   .            (no cloak)
rCorr   .            r - +0 pair of gloves
SInv    .            (no boots)
Will    +....        (no amulet)
Stlth   ++           h - ring of willpower
HPRegen 0.25/turn    q - +6 ring of intelligence
MPRegen 0.11/turn

%: no passive effects
@: freezing walls
A: (nimble swimmer 2), mertail
a: no special abilities


You were on level 3 of the Dungeon.
You visited 1 branch of the dungeon, and saw 3 of its levels.

You collected 159 gold pieces.

Inventory:

Hand Weapons
 c - a +0 hand axe (weapon)
Armour
 a - a +0 robe (worn)
 r - a +0 pair of gloves (worn)
Jewellery
 h - a ring of willpower (left hand)
 i - a ring of resist corrosion
 q - a +6 ring of intelligence (right hand)
Scrolls
 d - 2 scrolls of teleportation {unknown}
 f - 2 scrolls of identify {unknown}
 j - a scroll of vulnerability {unknown}
 l - a scroll of magic mapping {unknown}
 o - a scroll of fear {unknown}
 p - a scroll of amnesia {unknown}
 s - a scroll of poison {unknown}
Potions
 b - 3 potions of magic
 e - a potion of attraction {unknown}
 g - 2 potions of curing {unknown}
 k - a potion of might {unknown}
 m - a potion of lignification {unknown}
 n - a potion of berserk rage {unknown}


   Skills:
 + Level 2.5 Fighting
 - Level 2.6 Dodging
 - Level 2.1 Stealth
 + Level 3.1 Spellcasting
 + Level 5.2 Ice Magic


You had 2 spell levels left.
You knew the following spells:

 Your Spells              Type           Power      Damage    Failure   Level
a - Freeze                Ice            100%       1d10      1%          1
b - Frozen Ramparts       Ice            52%        1d8       4%          3
c - Ozocubu's Armour      Ice            26%        N/A       4%          3

Your spell library contained the following spells:

 Spells                   Type           Power      Damage    Failure   Level
 Summon Small Mammal      Summ           12%        N/A       12%         1
 Call Canine Familiar     Summ           3%         N/A       36%         3
 Summon Guardian Golem    Hex/Summ       3%         N/A       36%         3
 Summon Ice Beast         Ice/Summ       14%        N/A       38%         4


Dungeon Overview and Level Annotations

Branches:
Dungeon (3/15)

Altars:


Innate Abilities, Weirdness & Mutations

((You are very nimble when in or above water. (Stealth+, EV+, Speed+++)))
Your lower body shifts to a powerful aquatic tail in water.


Message History

A gnoll comes into view. It is wielding a +0 whip.
A gnoll is nearby!
A gnoll is nearby!
A gnoll comes into view. It is wielding a +3 spear.
The gnoll shouts!
A gnoll comes into view. It is wielding a +0 flail.
Casting: Freeze (safe; 1% risk of failure)
Confirm with . or Enter, or press ? or * to list all spells.
Aiming: Freeze (safe; 1% risk of failure)
Press: ? - help, Shift-Dir - straight line, f - gnoll
Aim: a gnoll, wielding a +0 whip You freeze the gnoll!
The gnoll is heavily wounded.
The gnoll hits you with a +0 whip!
The gnoll hits you from afar with a +3 spear.
The gnoll hits you from afar with a +3 spear.
The gnoll attacks as you move away! The gnoll closely misses you.
The gnoll hits you but does no damage.
Found a white potion.
Casting: Freeze (safe; 1% risk of failure)
Confirm with . or Enter, or press ? or * to list all spells.
Casting: Frozen Ramparts (dangerous; 4% risk of failure)
Press: ? - help, Dir - look around, f - activate The walls around you are covered in ice.
The wall freezes the gnoll.
Unknown command.
You hit the gnoll but do no damage.
The gnoll is moderately wounded.
The wall freezes the gnoll. x2; The gnoll hits you with a +0 flail.
The wall freezes the gnoll.
The gnoll hits you from afar with a +3 spear.
* * * LOW HITPOINT WARNING * * *
The wall freezes the gnoll.
You kill the gnoll!
You barely miss the gnoll.
The gnoll is severely wounded.
The wall freezes the gnoll but does no damage.
The gnoll barely misses you.
The wall freezes the gnoll.
The gnoll hits you from afar with a +3 spear!
You die...

#.. #.#
##..####.### .#.
.......... ...
.!. ....# .## ..
#...# .# #. #...#
# ##
.#####.##g..##.#
.......@g).....#
.....#.##...####
.###.#.##...#####
.............##.
##..##..........
.... #..####.###
##.# #..# # #.#
#..#
#.###..####.#


You could see 2 gnolls.

Vanquished Creatures
  Natasha (D:2)
  Robin (D:2)
  A gnoll (D:3)
  3 dart slugs
  6 ball pythons
  3 bats
  An endoplasm (D:1)
  2 giant cockroaches
  9 goblins
  9 hobgoblins
  3 quokkas
  3 frilled lizards
  4 kobolds
  7 rats
53 creatures vanquished.

Notes
Turn   | Place    | Note
-------+----------+-------------------------------------------
     0 | D:1      | safid the Merfolk Ice Elementalist began the quest for the
                  | Orb.
     0 | D:1      | Reached XP level 1. HP: 13/13 MP: 3/3
   156 | D:1      | Reached XP level 2. HP: 20/20 MP: 5/5
   273 | D:1      | Reached skill level 1 in Fighting
   803 | D:1      | Reached XP level 3. HP: 22/26 MP: 4/6
  1413 | D:2      | Noticed Natasha
  1420 | D:2      | Killed Natasha
  1421 | D:2      | Reached skill level 5 in Ice Magic
  1421 | D:2      | Reached XP level 4. HP: 26/33 MP: 3/8
  1481 | D:2      | Learned a level 3 spell: Frozen Ramparts
  1485 | D:2      | Learned a level 3 spell: Ozocubu's Armour
  1513 | D:2      | Noticed Robin
  1546 | D:2      | Killed Robin
  2131 | D:3      | Slain by a gnoll

Illustrated notes

Levels and vault maps discovered:
D:1:      minmay_arrival_solitary_statue, layout_loops_corners,
          minmay_hedge_maze
D:2:      layout_basic, minmay_tetromino_i2, uniq_natasha, uniq_robin
D:3:      layout_loops_ring

Skill      XL: |  1  2  3  4 |
---------------+-------------+-----
Fighting       | 1 2 |  2.5
Ice Magic      | 5 |  5.2
Spellcasting   | 3 |  3.1
Dodging        | |  2.6
Stealth        | |  2.1

Action                     |  1- 3 |  4- 6 || total
---------------------------+-------+-------++-------
  Melee: Hand axe          |    61 |    24 ||    85
         Punch             |     1 |       ||     1
   Cast: Freeze            |    31 |     7 ||    38
         Frozen Ramparts   |       |     5 ||     5
   Stab: Sleeping          |     9 |       ||     9
 Armour: Robe              |    15 |     3 ||    18
  Dodge: Dodged            |    63 |    10 ||    73
